 Dungeon Crawl Stone Soup version 0.21.1-1-g345015fe64 (webtiles) character file.

668 Henning the Chopper (level 7, -1/61 HPs)
             Began as a Minotaur Berserker on June 13, 2018.
             Was a Priest of Trog.
             Slain by Grinder (3 damage)
             ... while paralysed by Grinder
             ... on level 4 of the Dungeon.
             The game lasted 00:10:56 (2777 turns).

Henning the Chopper (Minotaur Berserker)            Turns: 2777, Time: 00:10:57

Health: -1/61      AC: 12    Str: 21    XL:     7   Next: 32%
Magic:  6/6        EV:  2    Int:  4    God:    Trog [***...]
Gold:   172        SH:  0    Dex: 12    Spells: 6/6 levels left

rFire    . . .     SeeInvis .   a - +0 hand axe
rCold    . . .     Gourm    .   (no shield)
rNeg     . . .     Faith    .   j - +0 chain mail (curse)
rPois    .         Spirit   .   (helmet restricted)
rElec    .         Reflect  .   (no cloak)
rCorr    .         Harm     .   (no gloves)
MR       .....                  s - +1 pair of boots {Fly}
Stlth    ..........             (no amulet)
HPRegen  0.20/turn              (no ring)
MPRegen  0.10/turn              (no ring)

@: paralysed, berserk cooldown, flying
A: retaliatory headbutt, horns 2
a: Berserk, Trog's Hand, Burn Spellbooks, Renounce Religion, Stop Flying


You were on level 4 of the Dungeon.
You worshipped Trog.
Trog was most pleased with you.
You were very hungry.

You visited 1 branch of the dungeon, and saw 5 of its levels.

You collected 172 gold pieces.

Inventory:

Hand Weapons
 a - a +0 hand axe (weapon)
Armour
 f - a +0 chain mail
 j - a cursed +0 chain mail (worn)
 s - a +1 pair of boots of flying (worn)
Wands
 k - a wand of polymorph (34)
Scrolls
 b - 3 scrolls of fog {unknown}
 h - a scroll of magic mapping {unknown}
 l - 3 scrolls of remove curse {unknown}
 m - 3 scrolls of teleportation {unknown}
 p - a scroll of amnesia {unknown}
Potions
 e - a potion of invisibility {unknown}
 g - a potion of lignification {unknown}
 i - a potion of mutation {unknown}
 n - a potion of flight {unknown}
 o - a potion of degeneration {unknown}
 q - a potion of brilliance {unknown}
 r - a potion of haste {unknown}
 t - a potion of magic {unknown}
Comestibles
 c - 3 rations
 d - a chunk of flesh


   Skills:
 + Level 5.5 Fighting
 + Level 7.8 Axes
 + Level 5.0 Armour
 + Level 3.1 Dodging
 + Level 0.1 Stealth


You had 6 spell levels left.
You didn't know any spells.

Dungeon Overview and Level Annotations

Branches:
Dungeon (5/15)
 Temple: D:4-7

Altars:
The Shining One

Shops:
D:5 =

Annotations:
D:4 Grinder


Innate Abilities, Weirdness & Mutations

You reflexively headbutt those who attack you in melee.
You have a pair of horns on your head.


Message History

Grinder is heavily wounded.
Grinder hits you but does no damage. x2
Grinder gestures at you. Pain shoots through your body!
* * * LOW HITPOINT WARNING * * *
Grinder blinks!
Okay, then.
Some of the chunks of flesh in your inventory have rotted away.
You feel yourself speed up.
There is a stone staircase leading up here.
You can't go down here!
You fly upwards.
There is a stone staircase leading down here.
Grinder gestures at you.
You suddenly lose the ability to move!
Grinder hits you but does no damage. Grinder hits you!
* * * LOW HITPOINT WARNING * * *
You writhe in agony.
You die...

.###.........................##..
.# #......##.....####........##.#
+###..##.........# #..##..#####.#
.......##.##.....###.##...# #..#
.......##.#..........##.#)####.##
.......##.#.....##.####.#)##...#
.>.....##.#.....#..##....))..###
.......##.#..............#####
(......##.#....5@........#
#.#..####.#.......#####..##
..........#.....#.# ##..##
..........#.......# #...####
............>...### #.#....###
...[.....##.###.########.####...#
..........................#####.#
...........##[#########....####..
.#....###.##.^# #.##.......


You could see Grinder.

Vanquished Creatures
  A sky beast (D:5)
  3 ogres
  A centaur skeleton (D:4)
  Jessica (D:3)
  An iguana (D:4)
  An orc wizard (D:3)
  2 hound skeletons (D:4)
  Robin (D:4)
  4 adders
  An ooze (D:2)
  4 adder skeletons (D:2)
  4 worms
  A dart slug (D:1)
  5 leopard geckos
  14 orcs
  2 bat skeletons (D:2)
  A bat zombie (D:2)
  5 giant cockroaches
  14 goblins
  9 hobgoblins
  5 jackals
  2 quokkas
  4 ball pythons
  2 ball python skeletons
  10 bats
  7 frilled lizards
  A giant cockroach zombie (D:2)
  5 kobolds
  2 leopard gecko skeletons
  2 rats
115 creatures vanquished.

Notes
Turn   | Place    | Note
-------+----------+-------------------------------------------
     0 | D:1      | Henning the Minotaur Berserker began the quest for the Orb.
     0 | D:1      | Reached XP level 1. HP: 19/19 MP: 0/0
   259 | D:1      | Reached skill level 4 in Axes
   259 | D:1      | Reached XP level 2. HP: 25/27 MP: 1/1
   765 | D:2      | Reached ** piety under Trog
   765 | D:2      | Reached XP level 3. HP: 32/33 MP: 2/2
  1063 | D:2      | Reached XP level 4. HP: 38/41 MP: 3/3
  1209 | D:2      | Reached skill level 5 in Axes
  1752 | D:3      | Reached *** piety under Trog
  1752 | D:3      | Reached XP level 5. HP: 47/47 MP: 4/4
  1793 | D:3      | Noticed an ogre
  1797 | D:3      | Noticed Jessica
  1816 | D:3      | Killed Jessica
  1816 | D:3      | Reached skill level 6 in Axes
  1953 | D:3      | Killed an ogre
  2114 | D:3      | Reached XP level 6. HP: 52/55 MP: 5/5
  2311 | D:4      | Reached skill level 5 in Fighting
  2322 | D:4      | Reached skill level 7 in Axes
  2326 | D:4      | Noticed Robin
  2347 | D:4      | Killed Robin
  2561 | D:4      | Found a glowing golden altar of the Shining One.
  2658 | D:4      | Reached XP level 7. HP: 61/61 MP: 6/6
  2701 | D:5      | Entered Level 5 of the Dungeon
  2705 | D:5      | Noticed Grinder
  2734 | D:5      | Reached skill level 5 in Armour
  2739 | D:5      | Found Vaduwath's Jewellery Emporium.
  2750 | D:5      | Paralysed by Grinder for 3 turns
  2774 | D:4      | Paralysed by Grinder for 7 turns
  2777 | D:4      | HP: 2/61 [Grinder (8)]
  2777 | D:4      | Slain by Grinder

Skill      XL: |  1  2  3  4  5  6  7 |
---------------+----------------------+-----
Axes           | 4 5 6 7 |  7.8
Fighting       | 4 5 |  5.5
Armour         | 3 4 5 |  5.0
Dodging        | 3 |  3.1
Stealth        | |  0.1

Action                   |  1- 3 |  4- 6 |  7- 9 || total
-------------------------+-------+-------+-------++-------
Melee: Hand axe          |    69 |   166 |    22 ||   257
       Headbutt          |     8 |    28 |     3 ||    39
Invok: Berserk           |       |     4 |     1 ||     5
       Trog's Hand       |       |     3 |       ||     3
  Eat: Chunk             |       |    10 |     1 ||    11
Armor: Leather armour    |     3 |       |       ||     3
       Chain mail        |    37 |    85 |    20 ||   142
Dodge: Dodged            |    27 |    96 |     3 ||   126
